 Dungeon Crawl Stone Soup version 0.30.1-11-g7821555f0a (webtiles) character file.

Game seed: 17996073810752535451

1685351 Kagerus the Merfolkian Porcupine (level 27, 219/219 HPs)
             Began as a Merfolk Gladiator on Nov 5, 2023.
             Was the Champion of Hepliaklqana.
             Escaped with the Orb
             ... and 3 runes on Nov 6, 2023!
             The game lasted 09:23:33 (67819 turns).

Kagerus the Merfolkian Porcupine (MfGl)            Turns: 67819, Time: 09:23:34

Health: 219/219    AC: 18    Str: 14 (16) XL:     27
Magic:  30/30      EV: 32    Int:  9      God:    Hepliaklqana [******]
Gold:   5885       SH:  0    Dex: 19      Spells: 7/48 levels left

rFire   + + .        b - +9 glaive (heavy)
rCold   + + +        (shield currently unavailable)
rNeg    + . .        L - +4 troll leather armour
rPois   +            Q - +0 mask of the Dragon {Will+ Slay+3 SInv}
rElec   +            C - scarf {rC+ rF+}
rCorr   +            O - +2 pair of gloves of Tulips {Will+ Regen+}
SInv    +            I - +1 pair of boots "Luyfog" {rCorr}
Will    ++++.        D - amulet of the Rose {Faith rElec rN+ Dex+2}
Stlth   +            z - ring "Arhet" {rPois rC++ EV+5 Str-5 Stlth+}
HPRegen 2.16/turn    q - ring "Acvalum" {rF+ rC+ Int+2}
MPRegen 0.22/turn

%: random rage (3%), faith
@: studying Short Blades
A: reduced essence, (nimble swimmer 2), mertail, berserk 1, clumsy 2, cold
resistance 1, deterioration 1, dopey 1, low MP 2, subdued magic 2
0: Orb of Zot
}: 3/15 runes: decaying, silver, gossamer
a: Renounce Religion, Recall Ancestor, Ancestor Identity, Transference, Idealise


You escaped.
You worshipped Hepliaklqana.
Hepliaklqana was exalted by your worship.
You visited 10 branches of the dungeon, and saw 48 of its levels.
You visited 1 bazaar.
You also visited: Trove, Ice Cave, Volcano and Desolation.

You collected 8911 gold pieces.
You spent 3026 gold pieces at shops.

Inventory:

Hand Weapons
 b - a +9 heavy glaive (weapon)
 Y - the +11 trident of the Hurting Seeker {elec, Int+7}
   (You took it off an ironbound preserver on level 5 of the Vaults)

   Int:       It affects your intelligence (+7).
 Z - a +3 glaive of flaming
Missiles
 u - 10 curare-tipped darts (quivered)
 v - 57 poisoned darts
 R - 2 throwing nets
Armour
 c - the +4 faerie dragon scales {rCorr Str+4 Int+2}
   (You took it off the Enchantress on level 2 of the Depths)

   Str:       It affects your strength (+4).
   Int:       It affects your intelligence (+2).
   rCorr:     It protects you from acid and corrosion.
 C - a scarf of resistance (worn)
 I - the +1 pair of boots "Luyfog" (worn) {rCorr}
   (You found it on level 5 of the Lair of Beasts)

   rCorr:     It protects you from acid and corrosion.
 L - a +4 troll leather armour (worn)
 O - the +2 pair of gloves of Tulips (worn) {Will+ Regen+}
   (You acquired it on level 12 of the Dungeon)

   Regen:     It increases your rate of health regeneration.
   Will:      It increases your willpower.
 Q - the +0 mask of the Dragon (worn) {Will+ Slay+3 SInv}
   (You found it on level 2 of the Depths)

   Slay:      It affects your accuracy & damage with ranged weapons and melee
   (+3).
   SInv:      It lets you see invisible.
   Will:      It increases your willpower.
 T - a +0 buckler of protection
Magical Staves
 m - the staff of cold "Josyt" {Fly rElec rC+ rN++ Int+3}
   (You found it on level 2 of the Orcish Mines)

   [staff of cold]

   Base accuracy: +5 Base damage: 5 Base attack delay: 1.2 This weapon's minimum
   attack delay (0.6) is reached at skill level 12.
   Int:       It affects your intelligence (+3).
   rC:        It protects you from cold.
   rElec:     It insulates you from electricity.
   rN:        It greatly protects you from negative energy.
   Fly:       It grants you flight.
   It falls into the 'Staves' category.
   It is a one-handed weapon.
Jewellery
 q - the ring "Acvalum" (right hand) {rF+ rC+ Int+2}
   (You bought it in a shop on level 1 of the Elven Halls)

   [ring of protection from cold]

   Int:       It affects your intelligence (+2).
   rF:        It protects you from fire.
   rC:        It protects you from cold.
 s - an amulet of reflection
 z - the ring "Arhet" (left hand) {rPois rC++ EV+5 Str-5 Stlth+}
   (You acquired it on level 4 of the Lair of Beasts)

   [ring of evasion]

   EV:        It affects your evasion (+5).
   Str:       It affects your strength (-5).
   rC:        It greatly protects you from cold.
   rPois:     It protects you from poison.
   Stlth:     It makes you more stealthy.
 D - the amulet of the Rose (around neck) {Faith rElec rN+ Dex+2}
   (You took it off a vault warden on level 5 of the Vaults)

   [amulet of faith]

   It allows you to gain divine favour quickly.
   Dex:       It affects your dexterity (+2).
   rElec:     It insulates you from electricity.
   rN:        It protects you from negative energy.
 F - a ring of willpower
 W - an amulet of regeneration
Wands
 d - a wand of flame (97)
 e - a wand of iceblast (21)
 k - a wand of polymorph (11)
 y - a wand of paralysis (54)
 G - a wand of mindburst (44)
 N - a wand of quicksilver (59)
 P - a wand of digging (14)
Scrolls
 a - 3 scrolls of magic mapping
 i - 2 scrolls of enchant armour
 j - 8 scrolls of fear
 w - 4 scrolls of immolation
 x - 4 scrolls of teleportation
 A - 50 scrolls of identify
 E - 2 scrolls of blinking
 H - 9 scrolls of amnesia
 M - 15 scrolls of fog
 U - 5 scrolls of poison
 X - 3 scrolls of silence
Potions
 f - 18 potions of flight
 g - 8 potions of haste
 h - 3 potions of heal wounds
 l - 2 potions of invisibility
 n - 15 potions of lignification
 o - 13 potions of ambrosia
 p - 7 potions of brilliance
 r - 24 potions of curing
 t - 9 potions of might
 J - a potion of cancellation
 K - 5 potions of resistance
 S - a potion of magic
 V - 2 potions of berserk rage
Miscellaneous
 B - a phantom mirror


   Skills:
 + Level 25.6 Fighting
 O Level 27 Polearms
 - Level 5.3 Throwing
 + Level 18.4 Armour
 + Level 22.1 Dodging
 - Level 8.3 Shields
 - Level 11.4 Spellcasting
 - Level 6.5 Conjurations
 - Level 10.6 Hexes
 - Level 11.3 Summonings
 - Level 3.4 Necromancy
 - Level 4.6 Translocations
 - Level 3.3 Transmutations
 - Level 10.0 Ice Magic
 - Level 5.0 Air Magic
 - Level 6.0 Poison Magic
 - Level 4.0 Invocations
 - Level 2.5 Evocations


You had 7 spell levels left.
You knew the following spells:

 Your Spells              Type           Power      Damage    Failure   Level
a - Mephitic Cloud        Conj/Pois/Air  9%         N/A       2%          3
b - Poisonous Vapours     Pois/Air       18%        N/A       1%          2
c - Blink                 Tloc           16%        N/A       1%          2
d - Confusing Touch       Hex            15%        N/A       1%          3
e - Tukima's Dance        Hex            15%        N/A       1%          3
f - Wereblood             Tmut           6%         N/A       3%          2
g - Metabolic Englaciati  Hex/Ice        7%         N/A       3%          5
h - Hailstorm             Conj/Ice       12%        3d5       1%          3
i - Freeze                Ice            56%        1d7       1%          1
j - Frozen Ramparts       Ice            28%        1d5       1%          3
k - Ozocubu's Armour      Ice            14%        N/A       1%          3
l - Call Canine Familiar  Summ           16%        N/A       1%          3
m - Airstrike             Air            4%         2d(1-17)  13%         4
n - Summon Lightning Spi  Summ/Air       12%        N/A       2%          4

Your spell library contained the following spells:

 Spells                   Type           Power      Damage    Failure   Level
 Apportation              Tloc           16%        N/A       1%          1
 Foxfire                  Conj/Fire      24%        2x1d5     1%          1
 Kiss of Death            Conj/Necr      32%        2d7       1%          1
 Magic Dart               Conj           40%        1d5       1%          1
 Necrotise                Necr           28%        1d5       1%          1
 Shock                    Conj/Air       36%        1d5       1%          1
 Summon Small Mammal      Summ           64%        N/A       1%          1
 Call Imp                 Summ           32%        N/A       1%          2
 Lesser Beckoning         Tloc           16%        N/A       1%          2
 Momentum Strike          Conj/Tloc      18%        3d8       1%          2
 Searing Ray              Conj           20%        2d5       1%          2
 Static Discharge         Conj/Air       18%        2-3/arc   1%          2
 Portal Projectile        Hex/Tloc       22%        N/A       1%          3
 Summon Guardian Golem    Hex/Summ       15%        N/A       1%          3
 Cause Fear               Hex            7%         N/A       1%          4
 Inner Flame              Hex/Fire       9%         N/A       2%          3
 Fulminant Prism          Conj/Hex       6%         3d7       2%          4
 Sublimation of Blood     Necr           7%         N/A       3%          2
 Gell's Gravitas          Tloc           8%         N/A       3%          3
 Swiftness                Air            8%         N/A       3%          3
 Teleport Other           Tloc           8%         N/A       3%          3
 Vhi's Electric Charge    Tloc/Air       16%        N/A       3%          3
 Anguish                  Hex/Necr       5%         N/A       5%          4
 Ice Form                 Ice/Tmut       10%        N/A       6%          4
 Vampiric Draining        Necr           7%         2d6       7%          3
 Stone Arrow              Conj/Erth      12%        3d7       8%          3
 Animate Armour           Summ/Erth      18%        N/A       10%         4
 Iskenderun's Mystic Bla  Conj/Tloc      9%         2d4       10%         4
 Leda's Liquefaction      Hex/Erth       4%         N/A       11%         4
 Volatile Blastmotes      Fire/Tloc      10%        2d10      12%         3
 Manifold Assault         Tloc           8%         N/A       16%         4
 Freezing Cloud           Conj/Ice/Air   5%         6-21      16%         5
 Yara's Violent Unravell  Hex/Tmut       5%         3d4       16%         5
 Animate Dead             Necr           7%         N/A       26%         4
 Dispel Undead            Necr           7%         3d8       26%         4
 Arcjolt                  Conj/Air       4%         1d14      28%         5
 Petrify                  Tmut/Erth      5%         N/A       50%         4
 Agony                    Necr           7%         N/A       58%         5
 Blade Hands              Tmut           3%         N/A       63%         5
 Fireball                 Conj/Fire      3%         3d4       63%         5
 Summon Hydra             Summ           8%         N/A       67%         7
 Simulacrum               Ice/Necr       5%         N/A       73%         6
 Enfeeble                 Hex            7%         N/A       78%         7
 Borgnjor's Vile Clutch   Necr/Erth      2%         N/A       85%         5
 Ozocubu's Refrigeration  Ice            7%         4d9       86%         7
 Conjure Ball Lightning   Conj/Air       4%         3x3d6     87%         6
 Dispersal                Tloc           4%         N/A       95%         6
 Spellforged Servitor     Conj/Summ      6%         N/A       95%         7
 Lee's Rapid Deconstruct  Erth           1%         3d4*      98%         5
 Death Channel            Necr           3%         N/A       99%         6
 Iron Shot                Conj/Erth      3%         9d2       99%         6
 Starburst                Conj/Fire      3%         6d3       99%         6
 Haunt                    Necr/Summ      5%         N/A       99%         7
 Malign Gateway           Summ/Tloc      6%         N/A       99%         7
 Plasma Beam              Fire/Air       3%         2x1d14    100%        6
 Statue Form              Tmut/Erth      3%         N/A       100%        6
 Orb of Destruction       Conj           5%         9d5       100%        7
 Storm Form               Tmut/Air       3%         N/A       100%        7
 Borgnjor's Revivificati  Necr           3%         N/A       100%        8
 Discord                  Hex            7%         N/A       100%        8
 Disjunction              Tloc           4%         N/A       100%        8
 Infestation              Necr           3%         N/A       100%        8
 Lehudib's Crystal Spear  Conj/Erth      3%         10d2      100%        8
 Necromutation            Tmut/Necr      3%         N/A       100%        8
 Summon Horrible Things   Summ           8%         N/A       100%        8
 Death's Door             Necr           3%         N/A       100%        9
 Polar Vortex             Ice            7%         N/A       100%        9


Dungeon Overview and Level Annotations

Branches:
Dungeon (15/15)            Temple (1/1) D:4            Lair (5/5) D:11
  Swamp (4/4) Lair:3       Spider (4/4) Lair:3        Slime (0/5) Lair:5
    Orc (2/2) D:11            Elf (3/3) Orc:2        Vaults (5/5) D:13
  Crypt (0/3) Vaults:3     Depths (4/4) D:15            Zot (5/5) Depths:4
  IceCv (visited)         Volcano (visited)         Desolation (visited)

Altars:
Ashenzari
Cheibriados
Dithmenos
Elyvilon
Fedhas
Gozag
Hepliaklqana
Kikubaaqudgha
Makhleb
Nemelex Xobeh
Okawaru
Qazlal
Ru
Sif Muna
Trog
Uskayaw
Vehumet
Wu Jian
Xom
Yredelemnul
Zin
The Shining One

Shops:
D:2 *   D:6 *   D:7 =*   Orc:2 (:[*   Elf:1 =:=   Elf:2 :   Elf:3 =
Vaults:2 (   Vaults:3 [((   Vaults:4 ?=

Portals:
Hell: Depths:1 Depths:2 Depths:3 Depths:4
Abyss: Depths:1 Depths:2 Depths:3
Pandemonium: Depths:2 Depths:3
Ziggurat: Depths:3

Annotations:
Lair:5 1 runed translucent door
Spider:4 Mlioglotl
Zot:2 Parghit
Zot:4 1 runed translucent door, exclusion: door, krest322's ghost, master HOFi


Innate Abilities, Weirdness & Mutations

Your life essence is reduced to manifest your ancestor. (-10% HP)
((You are very nimble when in or above water. (Stealth+, EV+, Speed+++)))
Your lower body shifts to a powerful aquatic tail in water.
You sometimes lose your temper in combat.
You are very clumsy. (Dex -4)
Your flesh is cold resistant. (rC+)
Your body sometimes deteriorates upon taking damage.
You are dopey. (Int -2)
Your magical capacity is very low. (-20% MP)
Your spells are easier to cast, but less powerful.


Message History

You swap places.
Rabi hits the Ice Fiend with a +0 antimagic quick blade!!
The Ice Fiend's magic leaks into the air.
Rabi hits the Ice Fiend but does no damage.
Rabi barely misses the Ice Fiend.
The Ice Fiend claws Rabi!
The Ice Fiend freezes Rabi!!
Rabi resists.
The Ice Fiend claws Rabi but does no damage.
You hit the Ice Fiend but do no damage.
The Ice Fiend is severely wounded.
Rabi hits the Ice Fiend with a +0 antimagic quick blade.
The Ice Fiend's magic leaks into the air.
Rabi barely misses the Ice Fiend.
Rabi hits the Ice Fiend with a +0 antimagic quick blade!
The Ice Fiend's magic leaks into the air.
The Ice Fiend falters for a moment.
Rabi hits the Ice Fiend but does no damage.
You catch the helpless Ice Fiend completely off-guard!
You slice the Ice Fiend!!
You kill the Ice Fiend!
You feel your intelligence returning.
You swap places.
A sixfirhy comes into view.
You barely miss the sixfirhy. You slice the sixfirhy!!
The sixfirhy is heavily wounded.
You open the sixfirhy like a pillowcase!!!
You kill the sixfirhy!
No target in view!
You can't go up here!
There is a stone staircase leading up here.
You start resting.
Rabi is no longer moving quickly.
Ancestor HP restored.
You start resting.
HP restored.
You climb upwards.
There is a stone staircase leading down here.
There is a staircase leading out of the dungeon here.
You have escaped!

# #.#[###.######## #.#. #
#...#≈≈≈.≈≈≈≈≈≈## #... #
######.≈≈≈≈≈.≈≈≈≈≈≈## #..# #
#.....≈≈≈≈≈≈.≈≈≈≈≈≈≈## #..# #
#.###≈≈≈8≈≈.≈≈≈≈≈8≈≈≈# #... # #.#
#≈≈≈≈≈.≈≈≈≈≈≈≈≈≈≈## #... #.#
#≈≈≈≈≈.≈≈≈~~~≈≈≈≈.## #### #.#
#≈≈≈≈≈.≈≈~≈≈≈~≈≈~..# # #.#
#≈≈≈≈≈≈..@≈≈≈≈~~≈#.####### #.#
#≈~~≈≈≈≈R..≈≈≈≈≈≈.......##
#.###~≈≈~≈≈≈~≈≈.≈≈≈≈≈#####..##
#.#..≈≈≈≈~~~≈≈≈.≈≈≈≈≈####.....
####.#.#≈≈≈≈≈≈≈≈≈≈.≈≈≈≈≈.......##
........≈≈≈8≈≈≈≈≈.≈≈8≈≈≈.......#
####.##.#≈≈≈≈≈≈≈.≈≈≈≈≈≈.##.##..##
#.##.##≈≈≈≈≈≈.≈≈≈≈≈#.##.##...#
#.......≈≈≈≈≈≈.≈≈≈............


You could see the friendly Rabi the hexer.

Vanquished Creatures
  A dread lich (Vaults:5)
  2 ancient liches
  6 orbs of fire (Zot:5)
  A juggernaut (Depths:2)
  A Killer Klown (Zot:5)
  A curse toe (Zot:4)
  4 caustic shrikes (Depths:4)
  Saint Roka (Vaults:1)
  11 golden dragons
  the Enchantress (Depths:2)
  An electric golem (Zot:5)
  13 tentacled monstrosities
  4 liches
  3 deep elf blademasters
  16 Orb Guardians (Zot:5)
  An Ice Fiend (D:2)
  4 titans
  The ghost of Gumption the Tortoise, an adept MiBe of Trog (Swamp:4)
  3 deep elf master archers (Elf:3)
  6 quicksilver dragons
  An Executioner (D:7)
  12 death cobs
  5 tengu reavers
  5 sphinxes
  Kirke (Spider:2)
  3 thorn hunters
  12 shadow dragons
  19 storm dragons
  A draconian monk (Zot:1)
  Donald (Elf:3)
  A fenstrider witch (Swamp:4)
  6 draconian knights
  11 frost giants
  2 emperor scorpions
  7 fire giants
  A balrug (Depths:3)
  5 draconian scorchers
  5 deep elf elementalists
  4 deep elf sorcerers
  2 reapers (IceCv)
  12 vault wardens
  The ghost of Madon the Severer, a journeyman MiBe of Trog (Orc:2)
  Aizul (Spider:2)
  6 draconian stormcallers
  A draconian annihilator (Zot:3)
  Louise (Swamp:4)
  20 ironbound preservers
  2 spriggan defenders (Depths:2)
  5 draconian shifters
  3 war gargoyles (Vaults:5)
  11 very ugly things
  5 broodmothers
  14 stone giants
  8 black draconians
  An elemental wellspring (Depths:2)
  Nessos (D:12)
  2 vampire knights (Depths:3)
  7 deep elf demonologists
  8 ironbound thunderhulks
  6 dire elephants
  5 red draconians
  6 eleionomae
  7 green draconians
  7 spark wasps
  5 purple draconians
  Snorg (D:13)
  10 deep elf annihilators
  7 yellow draconians
  8 deep elf death magi
  2 bunyips
  3 white draconians
  13 ettins
  A fire dragon (shapeshifter) (Vaults:5)
  A merfolk javelineer (Depths:3)
  5 merfolk impalers
  6 fire dragons
  9 great orbs of eyes
  5 deep elf high priests
  Josephine (D:14)
  3 entropy weavers
  A rakshasa (Depths:1)
  10 ice dragons
  A servant of whispers (Vaults:3)
  11 yaktaur captains
  11 hydras
  3 ogre magi
  A ghost crab (Swamp:3)
  5 spriggan air magi
  37 vault guards
  A peacekeeper (Desolation)
  3 jorogumos
  6 alligators
  3 radroaches
  A death knight (Vaults:3)
  9 deep troll earth magi
  8 ironbound frosthearts
  19 dancing weapons
  7 two-headed ogres
  Erica (D:9)
  4 boulder beetles
  19 centaur warriors
  5 deep troll shamans
  5 spriggan berserkers
  4 death yaks
  9 tengu warriors
  4 vampire magi
  2 orc high priests (Orc:2)
  Sonja (Lair:4)
  A large abomination (Zot:1)
  10 deep elf knights
  3 skysharks
  5 hell knights
  2 sixfirhies
  5 pharaoh ants
  A sun demon (Depths:3)
  3 shadow wraiths
  A sun moth (Spider:4)
  26 deep trolls
  5 iron trolls
  4 spriggan druids
  A goliath frog (Swamp:1)
  2 glowing orange brains
  2 flayed ghosts
  A glowing orange brain (shapeshifter) (Vaults:5)
  4 bog bodies
  3 orb spiders
  An obsidian statue (IceCv)
  4 steelbarb worms
  10 swamp dragons
  Pikel (D:5)
  5 harpies (Vaults:2)
  2 orange crystal statues
  9 wizards
  A death drake (Swamp:3)
  4 spriggan simulacra (IceCv)
  11 deep elf archers
  2 lindwurms
  6 necromancers
  22 deep elf pyromancers
  18 deep elf zephyrmancers
  19 ironbound convokers
  12 wolf spiders
  5 phantasmal warriors
  7 orc knights
  2 mana vipers (shapeshifter)
  2 shining eyes (Depths:3)
  A fire giant zombie (Vaults:1)
  2 will-o-the-wisps
  21 ugly things
  22 moths of wrath
  An iron dragon skeleton (Depths:1)
  A cyclops (D:14)
  7 orc sorcerers
  18 slime creatures
  A guardian serpent (shapeshifter) (D:15)
  8 demonic crawlers
  14 vault sentinels
  2 elephants (shapeshifter)
  2 ice statues (Elf:2)
  6 cane toads
  2 molten gargoyles
  A human skeleton (Vaults:1)
  Maggie (D:7)
  2 gargoyles (D:13)
  3 black mambas
  9 torpor snails
  A yaktaur zombie (Vaults:1)
  6 freezing wraiths
  2 komodo dragons (Lair:5)
  2 kobold demonologists
  A rime drake (Lair:5)
  4 tengu conjurers
  4 ice devils
  An efreet (D:14)
  22 yaktaurs
  5 trolls
  A meliai (shapeshifter) (D:13)
  7 meliai
  13 tyrant leeches
  Grinder (D:3)
  14 tarantellas
  3 dream sheep
  Prince Ribbit (D:5)
  18 hornets
  4 saltlings
  9 blink frogs
  13 culicivoras
  2 air elementals (Elf:2)
  2 jumping spiders (shapeshifter)
  An ettin skeleton (Depths:1)
  17 jumping spiders
  2 shadows
  A ynoxinul (Depths:1)
  9 wraiths
  14 spriggans
  18 water elementals
  4 wyverns
  2 hogs (Spider:2)
  An elf simulacrum (Vaults:1)
  3 fire elementals
  A steam dragon (D:9)
  44 yaks
  A basilisk (Lair:3)
  A chaos spawn (Depths:3)
  Eustachio (D:4)
  9 vampire mosquitoes
  3 harpy simulacra (IceCv)
  39 redbacks
  3 minotaur simulacra (IceCv)
  2 wargs
  An acid dragon (D:12)
  9 swamp worms
  10 water moccasins
  4 swamp drakes (Swamp:4)
  3 black bears
  3 floating eyes
  A sky beast (D:7)
  25 orc warriors
  3 alligator simulacra (IceCv)
  An ice beast (D:7)
  2 boggarts (D:15)
  3 wolves (Lair:1)
  9 ogres
  A phantom (D:6)
  7 centaurs
  A lemure (D:5)
  3 kobold brigands
  9 bullfrogs
  3 scorpions
  2 deep troll simulacra (IceCv)
  3 earth elementals (Elf:1)
  A gnoll sergeant (D:7)
  19 hexers
  4 killer bees
  A lindwurm simulacrum (IceCv)
  3 electric eels
  2 howler monkeys
  2 hounds
  2 jellies
  18 orc priests
  An iron imp (Orc:2)
  3 iguanas
  A sleepcap (D:6)
  17 orc wizards
  7 gnolls
  13 adders
  7 river rats (Lair:2)
  A shadow imp (D:6)
  A white imp (D:7)
  An ufetubus (D:6)
  2 worms (D:4)
  4 dart slugs
  41 orcs
  8 ball pythons
  9 bats
  10 endoplasms
  7 giant cockroaches
  9 goblins
  5 hobgoblins
  4 jackals (D:2)
  4 quokkas
  6 frilled lizards
  18 kobolds
  5 rats
1593 creatures vanquished.

Vanquished Creatures (collateral kills)
  A dread lich (Vaults:3)
  An orb of fire (Zot:5)
  A Killer Klown (Zot:5)
  Frederick (Vaults:5)
  A curse toe (Zot:2)
  2 caustic shrikes
  3 golden dragons
  2 electric golems
  5 tentacled monstrosities
  6 Orb Guardians (Zot:5)
  A quicksilver dragon (Zot:5)
  A titan (Vaults:5)
  A death cob (Zot:1)
  3 sphinxes
  A tengu reaver (Vaults:5)
  A storm dragon (Depths:3)
  3 shadow dragons
  A draconian monk (Zot:4)
  Roxanne (Swamp:1)
  4 fire giants
  2 deep elf sorcerers (Elf:3)
  An emperor scorpion (Spider:3)
  3 frost giants
  2 vault wardens
  2 balrugs
  2 ghost moths
  2 draconian stormcallers (Depths:4)
  A spriggan defender (Depths:2)
  A reaper (IceCv)
  A draconian shifter (Zot:3)
  An orc warlord (Orc:2)
  6 ironbound preservers
  A draconian annihilator (Zot:1)
  3 green draconians
  4 stone giants
  5 very ugly things
  A black draconian (Zot:3)
  An eleionoma (Swamp:4)
  4 deep elf demonologists (Elf:3)
  2 deep elf annihilators
  A white draconian (Depths:4)
  A vampire knight (Depths:3)
  3 red draconians
  A purple draconian (Zot:1)
  A yellow draconian (Zot:2)
  2 dire elephants
  3 bunyips
  A spark wasp (Depths:2)
  An ettin (Depths:2)
  2 deep elf death magi
  2 entropy weavers
  2 deep elf high priests
  2 great orbs of eyes
  A fire dragon (Depths:4)
  Fannar (Orc:1)
  2 peacekeepers
  3 ice dragons
  3 yaktaur captains
  3 vault guards
  A servant of whispers (Desolation)
  A radroach (Spider:4)
  A centaur warrior (Vaults:1)
  4 boulder beetles
  A spriggan skeleton (Depths:1)
  An ironbound frostheart (Vaults:1)
  14 hydras
  A jorogumo (Spider:2)
  An alligator (Swamp:1)
  6 dancing weapons (Elf:2)
  4 two-headed ogres
  A death knight (D:15)
  3 deep troll shamans
  A tengu warrior (Depths:1)
  A death yak (Lair:4)
  6 deep troll earth magi
  An orc high priest (Orc:2)
  A hell knight (Depths:2)
  A spriggan berserker (Depths:2)
  4 deep elf knights
  A sun moth (Spider:3)
  2 spriggan druids
  4 orb spiders
  A flayed ghost (Vaults:5)
  A shadow dragon zombie (Depths:1)
  7 deep trolls
  A spriggan simulacrum (IceCv)
  A glowing orange brain (Depths:3)
  4 swamp dragons (Swamp:4)
  A phantasmal warrior (Vaults:1)
  An orc knight (Vaults:5)
  3 ironbound convokers
  A bog body (Swamp:1)
  A deep elf pyromancer (Elf:1)
  9 deep elf zephyrmancers
  3 wizards
  A lindwurm (Vaults:1)
  10 ugly things
  6 wolf spiders
  3 manticores
  2 moths of wrath
  4 cyclopes
  A demonic crawler (Spider:1)
  An eye of devastation (Depths:3)
  4 black mambas
  3 torpor snails
  4 cane toads
  A vault sentinel (Vaults:5)
  An unseen horror (D:13)
  A kobold demonologist (D:9)
  A freezing wraith (IceCv)
  4 komodo dragons
  3 yaktaurs (Vaults:1)
  2 tengu conjurers
  An ice devil (IceCv)
  A meliai (Spider:3)
  A troll (D:10)
  A saltling (Desolation)
  7 tarantellas
  A blink frog (Lair:3)
  8 hornets
  A stone giant simulacrum (Depths:1)
  5 jumping spiders
  3 dream sheep
  8 slime creatures
  4 spriggans
  3 water elementals
  6 culicivoras
  A fire elemental (Elf:2)
  3 hogs (Spider:2)
  3 wraiths
  A chaos spawn (D:12)
  19 yaks
  A vampire mosquito (Swamp:1)
  11 redbacks
  A swamp worm (Swamp:2)
  A warg (D:10)
  An acid dragon (D:11)
  7 water moccasins
  5 swamp drakes
  A floating eye (Depths:3)
  A floating eye (shapeshifter) (Depths:3)
  11 orc warriors
  A boggart (D:15)
  An ogre (Orc:2)
  A human skeleton (Vaults:1)
  3 centaurs
  2 kobold brigands (D:9)
  An earth elemental (Elf:3)
  A scorpion (D:7)
  A scorpion (shapeshifter) (Depths:3)
  A gnoll sergeant (D:13)
  A lindwurm simulacrum (IceCv)
  A killer bee (Lair:3)
  An electric eel (D:8)
  A crimson imp (Orc:2)
  A jelly (D:7)
  7 orc priests
  2 hell rats (Lair:2)
  14 orc wizards
  A gnoll (D:13)
  2 river rats (Lair:2)
  A shadow imp (Orc:2)
  A white imp (Orc:2)
  26 orcs
  3 training dummies (Elf:3)
  3 kobolds
461 creatures vanquished.

Vanquished Creatures (others)
  A fire giant (Depths:2)
  An ironbound preserver (Vaults:4)
  A deep elf death mage (Elf:3)
  A cyclops (D:14)
  An unseen horror (D:13)
  A bloated husk (Swamp:4)
  A tarantella (Spider:3)
  A saltling (Vaults:3)
  A human (Spider:2)
  A dancing weapon (Depths:1)
  An ogre (Vaults:5)
  113 hexers
  An orc wizard (Orc:2)
  3 ancestors
  An orc (Orc:2)
  7 foxfires (Swamp:2)
136 creatures vanquished.

Grand Total: 2190 creatures vanquished

Notes
Turn   | Place    | Note
-------+----------+-------------------------------------------
     0 | D:1      | Kagerus the Merfolk Gladiator began the quest for the Orb.
     0 | D:1      | Reached XP level 1. HP: 16/16 MP: 1/1
    69 | D:1      | Reached XP level 2. HP: 13/22 MP: 2/2
   356 | D:1      | Reached XP level 3. HP: 27/27 MP: 3/3
   667 | D:2      | Found a white marble altar of Elyvilon.
   749 | D:2      | Reached skill level 5 in Polearms
   806 | D:2      | HP: 1/27 [jackal (2)]
   811 | D:2      | Reached XP level 4. HP: 20/33 MP: 4/4
   926 | D:2      | Found Poanu's General Store.
  1575 | D:3      | Reached XP level 5. HP: 38/38 MP: 5/5
  1716 | D:3      | Reached skill level 6 in Polearms
  1727 | D:3      | Noticed Grinder
  1749 | D:3      | Killed Grinder
  1750 | D:3      | Reached skill level 7 in Polearms
  1750 | D:3      | Reached XP level 6. HP: 15/44 MP: 6/6
  1888 | D:3      | Found a shimmering blue altar of Sif Muna.
  2081 | D:3      | Found a faded altar of an unknown god.
  2287 | D:4      | Reached skill level 5 in Throwing
  2333 | D:4      | Found a staircase to the Ecumenical Temple.
  2399 | D:4      | Reached XP level 7. HP: 17/50 MP: 7/7
  2409 | Temple   | Entered the Ecumenical Temple
  2691 | Temple   | Became a worshipper of Hepliaklqana the Forgotten
  2766 | D:4      | Found a snail-covered altar of Cheibriados.
  2766 | D:4      | Noticed Eustachio
  2863 | D:4      | Learned a level 3 spell: Mephitic Cloud
  2946 | D:4      | Killed Eustachio
  2947 | D:4      | Reached skill level 8 in Polearms
  3695 | D:5      | Entered Level 5 of the Dungeon
  3832 | D:5      | Noticed Prince Ribbit
  3851 | D:5      | Killed Prince Ribbit
  3852 | D:5      | Reached skill level 5 in Dodging
  3852 | D:5      | Reached XP level 8. HP: 61/61 MP: 8/8
  3920 | D:5      | Noticed a hornet
  3973 | D:5      | Paralysed by a hornet for 1 turns
  3974 | D:5      | Killed a hornet
  3975 | D:5      | Reached skill level 5 in Fighting
  4399 | D:5      | Found a glowing golden altar of the Shining One.
  4798 | D:6      | Reached skill level 1 in Armour
  4855 | D:6      | Reached * piety under Hepliaklqana
  5026 | D:6      | Noticed Pikel
  5055 | D:5      | Killed Pikel
  5056 | D:5      | Reached XP level 9. HP: 22/63 MP: 9/9
  5460 | D:6      | Reached skill level 1 in Poison Magic
  5499 | D:6      | Found Ubum's General Store.
  5531 | D:6      | Reached skill level 1 in Air Magic
  5720 | D:7      | Found Daumyvao's Jewellery Shoppe.
  5748 | D:7      | Reached skill level 1 in Spellcasting
  5748 | D:7      | Reached skill level 1 in Conjurations
  6297 | D:7      | Noticed a hornet
  6301 | D:7      | Killed a hornet
  6429 | D:7      | Found Nug Zahanodo's Neck Hole.
  6429 | D:7      | Noticed Maggie
  6434 | D:7      | Paralysed by Maggie for 2 turns
  6441 | D:7      | Killed Maggie
  6442 | D:7      | Reached XP level 10. HP: 46/69 MP: 13/13
  6764 | D:7      | You fall into a shaft and drop 1 floor!
  6781 | D:8      | Found an ancient bone altar of Kikubaaqudgha.
  6906 | D:8      | Learned a level 2 spell: Poisonous Vapours
  6966 | D:8      | Found a white marble altar of Elyvilon.
  7296 | D:8      | Reached skill level 5 in Poison Magic
  7383 | D:8      | Reached ** piety under Hepliaklqana
  7384 | D:8      | Remembered your ancestor Rabi as a hexer
  8732 | D:9      | Reached *** piety under Hepliaklqana
  8748 | D:9      | Noticed Erica
  8759 | D:9      | Killed Erica
  8928 | D:9      | Found a burning altar of Makhleb.
  8928 | D:9      | Noticed a green death
  9208 | D:10     | Entered Level 10 of the Dungeon
  9208 | D:10     | Noticed a kobold demonologist
  9232 | D:9      | Killed a kobold demonologist
  9250 | D:10     | Noticed a two-headed ogre
  9262 | D:9      | Reached skill level 5 in Conjurations
  9263 | D:9      | Killed a two-headed ogre
  9264 | D:9      | Reached skill level 5 in Spellcasting
  9264 | D:9      | Reached XP level 11. HP: 17/74 MP: 13/18
  9452 | D:10     | Identified the +8 whip of Kaace {protect, rPois}
 10391 | D:11     | Reached **** piety under Hepliaklqana
 10433 | D:10     | Learned a level 2 spell: Blink
 10731 | D:11     | Found a staircase to the Orcish Mines.
 11036 | D:11     | Found a staircase to the Lair.
 11118 | D:11     | Noticed a two-headed ogre
 11127 | D:11     | Killed a two-headed ogre
 11182 | D:12     | Noticed a boulder beetle
 11244 | D:12     | Killed a boulder beetle
 11245 | D:12     | Reached skill level 9 in Polearms
 11280 | D:12     | Noticed a manticore
 11288 | D:12     | Killed a manticore
 11428 | D:12     | Noticed Nessos
 11447 | D:12     | Killed Nessos
 11688 | D:12     | Noticed a cyan ugly thing
 11718 | D:12     | Killed a cyan ugly thing
 11719 | D:12     | Reached skill level 10 in Polearms
 11840 | D:12     | Reached ***** piety under Hepliaklqana
 12117 | D:12     | Noticed a cyclops
 12130 | D:12     | Killed a cyclops
 12329 | D:13     | Noticed a manticore
 12335 | D:13     | Killed a manticore
 12336 | D:13     | Reached XP level 12. HP: 80/84 MP: 17/21
 12336 | D:13     | Noticed a centaur warrior
 12340 | D:13     | Noticed a boulder beetle
 12533 | D:13     | Reached skill level 11 in Polearms
 12558 | D:13     | Reached skill level 5 in Armour
 12558 | D:13     | Reached XP level 13. HP: 90/90 MP: 22/22
 12744 | D:13     | Noticed an ironbound preserver
 12865 | D:13     | Killed an ironbound preserver
 12874 | D:13     | Learned a level 3 spell: Confusing Touch
 12878 | D:13     | Learned a level 3 spell: Tukima's Dance
 12938 | D:13     | Reached skill level 1 in Hexes
 12977 | D:13     | Found a gate to the Vaults.
 13004 | D:13     | Learned a level 2 spell: Wereblood
 13121 | D:13     | Reached skill level 12 in Polearms
 13820 | D:14     | Noticed Josephine
 13850 | D:14     | Killed Josephine
 13851 | D:14     | Reached skill level 5 in Hexes
 14240 | D:14     | Noticed Snorg
 14360 | D:13     | Killed Snorg
 14361 | D:13     | Reached skill level 13 in Polearms
 14837 | D:14     | Reached skill level 1 in Transmutations
 15291 | D:15     | Entered Level 15 of the Dungeon
 15291 | D:15     | Found a hide-covered altar of Uskayaw.
 15459 | D:14     | Reached skill level 1 in Evocations
 15784 | D:14     | Reached XP level 14. HP: 81/98 MP: 23/23
 15875 | D:15     | Reached skill level 10 in Fighting
 16086 | D:15     | Reached skill level 14 in Polearms
 16289 | D:15     | Reached skill level 10 in Dodging
 16589 | D:15     | Found a staircase to the Depths.
 16653 | D:15     | Learned a level 5 spell: Freezing Cloud
 16720 | D:15     | Reached skill level 1 in Ice Magic
 17369 | D:12     | Identified a scroll of acquirement
 17369 | D:12     | Acquired the +2 pair of gloves of Tulips {Will+ Regen+}
 17482 | Lair:1   | Entered Level 1 of the Lair of Beasts
 18039 | Lair:1   | Reached skill level 5 in Ice Magic
 19527 | Lair:3   | Found a staircase to the Swamp.
 19535 | Lair:3   | Found a dark tunnel.
 19546 | Volcano  | Entered a volcano
 19591 | Volcano  | Noticed a red draconian
 19618 | Volcano  | Killed a red draconian
 19787 | Lair:3   | Reached skill level 1 in Shields
 19920 | Lair:3   | Found a hole to the Spider Nest.
 20105 | Lair:3   | Acquired a book of Frost
 20117 | Lair:3   | Learned a level 3 spell: Hailstorm
 20119 | Lair:3   | Learned a level 1 spell: Freeze
 20128 | Lair:3   | Learned a level 3 spell: Frozen Ramparts
 20376 | Lair:3   | Reached XP level 15. HP: 103/103 MP: 22/25
 20827 | Lair:4   | Reached ****** piety under Hepliaklqana
 21444 | Lair:3   | Reached skill level 5 in Shields
 21723 | Lair:4   | Noticed Sonja
 21733 | Lair:4   | Killed Sonja
 21915 | Lair:4   | Identified the +4 longbow of Durable Courage {heavy, rF+
                  | Str+3 Int+5}
 22187 | Lair:4   | Acquired the ring "Arhet" {rPois rC++ EV+5 Str-5 Stlth+}
 22634 | Lair:5   | Entered Level 5 of the Lair of Beasts
 22886 | Lair:5   | Reached skill level 15 in Polearms
 23541 | Lair:5   | Found a runed translucent door.
 23542 | Lair:5   | Noticed an acid blob
 23543 | Lair:5   | Noticed an acid blob
 23544 | Lair:5   | Found a staircase to the Slime Pits.
 23544 | Lair:5   | Noticed an acid blob
 23790 | Lair:5   | Found a runed translucent door.
 23866 | Lair:5   | Identified the +1 pair of boots "Luyfog" {rCorr}
 23954 | Lair:5   | Paralysed by a hornet for 2 turns
 24435 | Orc:1    | Entered Level 1 of the Orcish Mines
 24482 | Orc:1    | Noticed Fannar
 24492 | Orc:1    | Killed Fannar
 24552 | Orc:1    | Reached skill level 16 in Polearms
 24887 | Orc:2    | Entered Level 2 of the Orcish Mines
 24887 | Orc:2    | Found a staircase to the Elven Halls.
 25138 | Orc:2    | Noticed an orc warlord
 25303 | Orc:2    | Reached XP level 16. HP: 100/114 MP: 23/26
 25752 | Orc:2    | Found Buduvon's General Store.
 25766 | Orc:2    | Found Geobempi's Book Boutique.
 25768 | Orc:2    | Found Rietoic's Antique Armour Boutique.
 25768 | Orc:2    | Found Aghoische's Antique Weapon Shop.
 25783 | Orc:2    | Bought a scroll of enchant weapon for 90 gold pieces
 25785 | Orc:2    | Bought a book of Winter for 510 gold pieces
 25796 | Orc:2    | Learned a level 5 spell: Metabolic Englaciation
 25891 | Orc:2    | Found a transporter.
 25891 | Orc:2    | Noticed Madon's ghost (journeyman MiBe)
 25894 | Orc:2    | Found a bloodstained altar of Trog.
 25919 | Orc:2    | Found a transporter.
 26808 | Swamp:1  | Entered Level 1 of the Swamp
 26808 | Swamp:1  | Identified Roxanne's Vademecum on the Anticline
 26808 | Swamp:1  | Noticed Roxanne
 26839 | Spider:1 | Entered Level 1 of the Spider Nest
 27796 | Spider:2 | Noticed Aizul
 27808 | Spider:2 | Killed Aizul
 27876 | Spider:2 | Noticed Kirke
 27895 | Spider:2 | Killed Kirke
 28839 | Spider:3 | Reached skill level 17 in Polearms
 29366 | Spider:3 | Reached XP level 17. HP: 63/121 MP: 16/27
 29502 | Spider:4 | Entered Level 4 of the Spider Nest
 29775 | Spider:4 | Noticed Mlioglotl
 30285 | Orc:2    | Identified the staff of cold "Josyt" {Fly rElec rC+ rN++
                  | Int+3}
 30485 | Orc:2    | Killed Madon's ghost
 31036 | Spider:4 | Noticed a Hell Sentinel
 31292 | Spider:3 | Learned a level 3 spell: Ozocubu's Armour
 31420 | Spider:3 | Reached skill level 18 in Polearms
 31892 | Spider:4 | Reached skill level 10 in Hexes
 32386 | Spider:4 | Got a gossamer rune of Zot
 32446 | Spider:4 | Reached XP level 18. HP: 130/130 MP: 27/29
 32900 | Swamp:1  | Killed Roxanne
 33028 | Swamp:1  | Reached skill level 19 in Polearms
 33883 | Swamp:2  | Reached skill level 10 in Ice Magic
 34287 | Swamp:1  | Reached XP level 19. HP: 136/136 MP: 28/30
 34483 | Swamp:2  | Reached skill level 20 in Polearms
 35061 | Swamp:3  | Reached skill level 10 in Armour
 35387 | Swamp:3  | Found a white marble altar of Elyvilon.
 35559 | Swamp:4  | Entered Level 4 of the Swamp
 35773 | Swamp:4  | Identified the +5 dagger of Fate {flame, rElec rN+ Will+}
 35799 | Swamp:4  | Reached skill level 10 in Spellcasting
 35925 | Swamp:4  | Noticed Louise
 35953 | Swamp:4  | Killed Louise
 36002 | Swamp:4  | Found a large runed translucent door.
 36002 | Swamp:4  | Found a large runed translucent door.
 36003 | Swamp:4  | Noticed Gumption's ghost (adept MiBe)
 36041 | Swamp:4  | Identified the +9 hand axe "Diuzi" {holy, rElec rCorr Str-3
                  | Dex+4}
 36215 | Swamp:4  | Got a decaying rune of Zot
 36398 | Swamp:4  | Killed Gumption's ghost
 36412 | Swamp:4  | Identified the staff of death "Hemuh" {rN+ Will+ Str+5}
 36697 | Depths:1 | Entered Level 1 of the Depths
 36752 | Depths:1 | Found a glowing golden altar of the Shining One.
 37047 | Depths:1 | Found a one-way gate to the infinite horrors of the Abyss.
 37135 | Depths:1 | Found a gateway to Hell.
 37396 | Depths:1 | Reached XP level 20. HP: 137/144 MP: 22/34
 37401 | Depths:1 | Reached skill level 15 in Fighting
 37651 | Depths:2 | Found the +0 mask of the Dragon {Will+ Slay+3 SInv}
 37754 | Depths:2 | Found an ancient bone altar of Kikubaaqudgha.
 37837 | Depths:1 | Reached skill level 21 in Polearms
 38102 | Depths:2 | Noticed a Brimstone Fiend
 38673 | Depths:2 | Noticed a golden dragon
 38729 | Depths:2 | Noticed a golden dragon
 38753 | Depths:2 | Identified the +0 robe of Yzeomac {Int+6}
 38786 | Depths:2 | Noticed a golden dragon
 38842 | Depths:2 | Reached skill level 15 in Dodging
 38932 | Depths:2 | Killed a golden dragon
 39064 | Depths:2 | Killed a golden dragon
 39149 | Depths:2 | Identified the amulet "Irhan" {Acrobat Int+2}
 39149 | Depths:2 | Noticed a golden dragon
 39149 | Depths:2 | Noticed a juggernaut
 39289 | Depths:2 | Noticed the Enchantress
 39425 | Depths:2 | Killed a golden dragon
 39426 | Depths:2 | Reached skill level 22 in Polearms
 39911 | Depths:2 | Killed the Enchantress
 40016 | Depths:2 | Noticed a caustic shrike
 40042 | Depths:2 | Killed a caustic shrike
 40100 | Depths:2 | Found a one-way gate leading to the halls of Pandemonium.
 40107 | Depths:2 | You fall into a shaft and drop 1 floor!
 40121 | Depths:3 | Noticed a golden dragon
 40153 | Depths:3 | Found a sacrificial altar of Ru.
 40389 | Depths:2 | Killed a juggernaut
 40455 | Depths:2 | Learned a level 4 spell: Anguish
 40966 | Depths:2 | Identified the +0 scale mail of Bynoimn {rElec rPois rC-
                  | Int+2}
 41212 | Elf:1    | Entered Level 1 of the Elven Halls
 41225 | Elf:1    | Reached XP level 21. HP: 152/154 MP: 25/35
 41233 | Elf:1    | Reached skill level 1 in Necromancy
 41355 | Elf:1    | Learned a level 4 spell: Airstrike
 41711 | Elf:1    | Reached skill level 5 in Air Magic
 42364 | Elf:1    | Found Beepluho's Jewellery Shop.
 42365 | Elf:1    | Found Enlits's Book Emporium.
 42366 | Elf:1    | Found Volutuw's Jewellery Shop.
 42382 | Elf:1    | Bought the ring "Acvalum" {rF+ rC+ Int+2} for 432 gold
                  | pieces
 42475 | Elf:2    | Found a flickering gateway to a bazaar.
 42490 | Elf:2    | Paralysed by an air elemental for 1 turns
 42513 | Bazaar   | Entered a bazaar
 42515 | Bazaar   | Found Negh's Distillery.
 42519 | Bazaar   | Found Gitax's Book Boutique.
 42519 | Bazaar   | Found Miahofij's Jewellery Boutique.
 42520 | Bazaar   | Found Mych's Book Boutique.
 42551 | Bazaar   | Bought a potion of curing for 33 gold pieces
 42551 | Bazaar   | Bought a potion of invisibility for 88 gold pieces
 42551 | Bazaar   | Bought a potion of curing for 33 gold pieces
 42591 | Bazaar   | Bought a manual of Fighting for 1200 gold pieces
 42599 | Bazaar   | Bought a book of Callings for 340 gold pieces
 42618 | Elf:2    | Found Nympext's Self-Improvement Boutique.
 42625 | Elf:2    | Found a portal to a secret trove of treasure.
 42883 | Elf:2    | Found a frozen archway.
 42904 | IceCv    | Entered an ice cave
 43012 | IceCv    | Identified the +4 barding of Snakes and Ladders {rElec rF+
                  | Str-4}
 43368 | Elf:2    | Found a runed translucent gate.
 43368 | Elf:2    | Found a runed translucent gate.
 43378 | Elf:2    | Found a runed translucent gate.
 43551 | Elf:2    | Reached skill level 23 in Polearms
 44041 | Elf:3    | Entered Level 3 of the Elven Halls
 44041 | Elf:3    | Noticed Donald
 44054 | Elf:3    | Killed Donald
 44133 | Elf:3    | Found Voun's Jewellery Shoppe.
 44568 | Elf:3    | Reached XP level 22. HP: 167/167 MP: 36/36
 44594 | Elf:3    | Identified the ring "Maciumeq" {MP-9 Str+3 Int+6 Dex+2}
 44844 | Elf:3    | Identified the +0 chain mail of the Dice {Harm Stlth+}
 44851 | Elf:3    | Identified the +0 tower shield of Teck {Rampage Will++
                  | Int-2}
 45157 | Elf:3    | Identified the staff of death "Nutug" {rN+ Dex+3}
 45159 | Elf:3    | Identified the +6 arbalest of Exquisite Death {speed,
                  | Will++ Dex+2}
 45181 | Elf:3    | Found the +3 pair of mountain boots {steadfast, rC+}
 45200 | Elf:3    | Identified the +3 hand axe "Tepaocs" {heavy, rPois rCorr
                  | Int-5 Dex+3 Stlth+}
 45833 | Depths:2 | Reached skill level 24 in Polearms
 45921 | Depths:3 | Paralysed by a floating eye for 2 turns
 46973 | Depths:3 | Noticed a golden dragon
 46978 | Depths:3 | Killed a golden dragon
 47011 | Depths:3 | Learned a level 4 spell: Summon Lightning Spire
 47021 | Depths:3 | Reached skill level 1 in Summonings
 47159 | Depths:3 | Found a one-way gateway to a ziggurat.
 47163 | Depths:3 | Paralysed by a floating eye for 4 turns
 47181 | Depths:3 | Gained mutation: Your spells are a little easier to cast,
                  | but a little less powerful. [a shining eye]
 47246 | Depths:3 | Killed a golden dragon
 47247 | Depths:3 | Reached skill level 5 in Summonings
 47831 | Depths:4 | Entered Level 4 of the Depths
 48016 | Depths:4 | Reached XP level 23. HP: 177/177 MP: 29/37
 48359 | Depths:4 | Found a gate to the Realm of Zot.
 48460 | Depths:4 | Noticed a caustic shrike
 48463 | Depths:4 | Noticed a caustic shrike
 48463 | Depths:4 | Noticed a caustic shrike
 48471 | Depths:4 | Noticed a caustic shrike
 48474 | Depths:4 | Killed a caustic shrike
 48475 | Depths:4 | Reached skill level 10 in Summonings
 48476 | Depths:4 | Noticed a caustic shrike
 48480 | Depths:4 | Killed a caustic shrike
 48483 | Depths:4 | Killed a caustic shrike
 48604 | Depths:4 | Killed a caustic shrike
 48835 | Depths:4 | Killed a caustic shrike
 49008 | Vaults:1 | Entered Level 1 of the Vaults
 49043 | Vaults:1 | Learned a level 3 spell: Call Canine Familiar
 49306 | Vaults:1 | Noticed Saint Roka
 49336 | Vaults:1 | Killed Saint Roka
 50688 | Vaults:2 | Reached skill level 25 in Polearms
 50997 | Vaults:2 | Found Heak's Antique Weapon Shop.
 51034 | Vaults:2 | Found a runed translucent door.
 51310 | Vaults:2 | Identified the +7 flail of the Last Ghosts {heavy, rPois
                  | Dex+2}
 51577 | Vaults:2 | Reached XP level 24. HP: 181/187 MP: 37/37
 52146 | Vaults:3 | Found Xehutaod's Antique Weapon Shoppe.
 52266 | Vaults:3 | Found Ekuk's Antique Weapon Shop.
 52299 | Vaults:3 | Found a crumbling gateway.
 52330 | Desolati | Entered the Desolation of Salt
 52662 | Vaults:3 | Noticed a dread lich
 52667 | Vaults:3 | Killed a dread lich
 52740 | Vaults:3 | Found a staircase to the Crypt.
 53289 | Vaults:3 | Found Rautzid's Antique Armour Emporium.
 53627 | Vaults:3 | Found Lebumn's Weapon Emporium.
 54395 | Vaults:4 | Found Konicsaz's Magic Scroll Shoppe.
 54406 | Vaults:4 | Bought 2 scrolls of fear for 160 gold pieces
 54406 | Vaults:4 | Bought a scroll of teleportation for 60 gold pieces
 54406 | Vaults:4 | Bought a scroll of fear for 80 gold pieces
 54523 | Vaults:4 | Noticed an ancient lich
 54530 | Vaults:4 | Killed an ancient lich
 54729 | Vaults:4 | Reached skill level 26 in Polearms
 54794 | Vaults:4 | HP: 1/175 [deep elf annihilator/crystal spear (43)]
 54812 | Vaults:4 | Identified the +1 robe of Xom's Scorn {rElec Int-3 SInv}
 54816 | Vaults:4 | Reached skill level 15 in Armour
 55135 | Vaults:4 | Identified the +0 chain mail of Masochism {Dex+3 Slay+5}
 55160 | Vaults:4 | Identified the +1 leather armour "Hyxiwey" {Int-4 Dex+4}
 55454 | Vaults:4 | Found Tilliafi's Jewellery Shoppe.
 55838 | Vaults:5 | Entered Level 5 of the Vaults
 55842 | Vaults:5 | Reached XP level 25. HP: 166/197 MP: 37/37
 56547 | Vaults:5 | Noticed a dread lich
 56556 | Vaults:5 | Killed a dread lich
 56683 | Vaults:5 | Identified the amulet of the Rose {Faith rElec rN+ Dex+2}
 56758 | Vaults:5 | Identified the +4 mace of the Distant Future {freeze, rF++
                  | rC- Str+3 Dex-4}
 56813 | Vaults:5 | Reached skill level 27 in Polearms
 56994 | Vaults:5 | Identified the +3 battleaxe "Ullamux" {drain, rPois Int-5
                  | Dex+6}
 57066 | Vaults:5 | Identified the ring of Scepticism {MP+9 Dex+3 Slay+2}
 57123 | Vaults:5 | Identified the +11 trident of the Hurting Seeker {elec,
                  | Int+7}
 57144 | Vaults:5 | Got a silver rune of Zot
 57335 | Vaults:5 | Reached skill level 1 in Invocations
 57607 | Vaults:5 | Noticed Frederick
 57614 | Vaults:5 | Killed Frederick
 57752 | Vaults:5 | Identified the +1 ring mail of the Shining Light {Rampage
                  | rElec rC- Int+3}
 57780 | Vaults:5 | Reached XP level 26. HP: 159/206 MP: 38/38
 57943 | Vaults:5 | Identified the +1 pair of gloves of Seavihomm {rC+ rN+}
 58281 | Vaults:5 | Identified the staff of death "Bexerch" {rPois rN+ Int+3
                  | Dex-5 Stlth+}
 58772 | Elf:2    | You paid a toll of +2 shadow dragon scales to enter a
                  | treasure trove
 58773 | Trove    | Entered a treasure trove
 58791 | Trove    | Identified the +4 glaive "Faczost" {freeze, *Corrode rPois
                  | Will++ Str+2}
 58792 | Trove    | Identified the ring "Fecve" {Fire SInv}
 58795 | Trove    | Identified the ring "Gudwyura" {Fire *Corrode rElec Will+++
                  | Stlth-}
 58801 | Trove    | Identified the ring of Unuacipy {Fire MP+9 Slay+3}
 58803 | Trove    | Identified the ring "Luz Son" {rPois rN+ Will- Dex+6}
 58804 | Trove    | Identified the +0 plate armour of Integrity {-Cast *Slow
                  | +Inv Str+6}
 59105 | Zot:1    | Entered Level 1 of the Realm of Zot
 61699 | Zot:2    | Noticed Parghit
 63063 | Zot:3    | You fall into a shaft and drop 1 floor!
 64751 | Zot:4    | Identified the +7 sling of Joikinip {heavy, rElec Dex-4
                  | Stlth+}
 64993 | Zot:4    | Found a runed translucent door.
 64994 | Zot:4    | Noticed krest322's ghost (master HOFi)
 65355 | Zot:5    | Entered Level 5 of the Realm of Zot
 65502 | Zot:5    | Reached XP level 27. HP: 206/216 MP: 38/38
 65644 | Zot:5    | Noticed an orb of fire
 65663 | Zot:5    | Killed an orb of fire
 65681 | Zot:5    | Noticed an orb of fire
 65696 | Zot:5    | Killed an orb of fire
 65901 | Zot:5    | Noticed an orb of fire
 65905 | Zot:5    | Gained mutation: Your flesh is cold resistant. (rC+) [an
                  | orb of fire]
 65908 | Zot:5    | Gained mutation: Your body sometimes deteriorates upon
                  | taking damage. [an orb of fire]
 65909 | Zot:5    | Killed an orb of fire
 66126 | Zot:5    | Noticed an ancient lich
 66130 | Zot:5    | Killed an ancient lich
 66457 | Zot:5    | Gained mutation: You are clumsy. (Dex -2) [mutagenic glow]
 66465 | Zot:5    | Gained mutation: Your magical capacity is low. (-10% MP)
                  | [mutagenic glow]
 66479 | Zot:5    | Gained mutation: Your magical capacity is very low. (-20%
                  | MP) [mutagenic glow]
 66645 | Zot:5    | Noticed an orb of fire
 66651 | Zot:5    | Noticed an orb of fire
 66653 | Zot:5    | Noticed an orb of fire
 66653 | Zot:5    | Noticed an ancient lich
 66653 | Zot:5    | Noticed an orb of fire
 66824 | Zot:5    | Gained mutation: You are dopey. (Int -2) [an orb of fire]
 66826 | Zot:5    | Gained mutation: You are very clumsy. (Dex -4) [an orb of
                  | fire]
 66828 | Zot:5    | Killed an orb of fire
 66995 | Zot:5    | Gained mutation: You sometimes lose your temper in combat.
                  | [an orb of fire]
 66996 | Zot:5    | Killed an orb of fire
 67070 | Zot:5    | Gained mutation: Your spells are easier to cast, but less
                  | powerful. [an orb of fire]
 67078 | Zot:5    | Killed an orb of fire
 67087 | Zot:5    | Killed an orb of fire
 67165 | Zot:5    | Got the Orb of Zot
 67819 | D:$      | Escaped with the Orb!

Illustrated notes

Levels and vault maps discovered:
D:1:      nzn_arrival_water_spiral, layout_loops_ring, minmay_tromino_v7
D:2:      layout_basic, serial_shops, shop, basic_altar
D:3:      layout_loops_ring, mainiacjoe_overflow_alcove_2,
          hellmonk_ecumenical_altar_pennies_from_heaven, uniq_grinder
D:4:      old_forge, layout_loops_ring, lemuel_tele_altar,
          minmay_temple_entry_stoned_glass, minmay_distorted, uniq_eustachio
D:5:      layout_cave_pools, mainiacjoe_overflow_catwalk, uniq_prince_ribbit1
D:6:      layout_gridville, serial_shops, nicolae_shop_stone, uniq_pikel
D:7:      layout_loops_ring, serial_shops, nicolae_shop_statue_plus,
          nicolae_shop_sticking_my_neck_out, uniq_maggie
D:8:      layout_cave_pods, nicolae_elyvilon_temple_path, lemuel_doored_altar
D:9:      layout_irregular_city, makhleb_altar_promises_db, minivault_10,
          uniq_erica
D:10:     layout_basic, kennysheep_generic_room_14
D:11:     layout_loops_ring, lair_entry_dummy, david_orc_3,
          nicolae_concentric_dashed_squares_mild
D:12:     layout_cave_pods, uniq_nessos
D:13:     layout_roguey, skrybe_vaults_entry_preservation
D:14:     layout_cave_pods, roderic_st_hans_cross, uniq_snorg, uniq_josephine
D:15:     grunt_enter_depths_hoard, layout_stronghold,
          nicolae_uskayaw_dance_hall, nicolae_sextant
Temple:   eino_temple_scatter_basement
Lair:1:   layout_cave_pods, minmay_hedge_maze
Lair:2:   layout_chaotic_city, kennysheep_rathole, serial_bayou_shore_b
Lair:3:   layout_long_grid, minmay_swamp_entry_reptiles,
          hellmonk_spider_entry_not_the_bees, nicolae_volcano_entry_lava_flow,
          hibernation_bobbens, lemuel_fruit_tree
Lair:4:   layout_cave_pods, uniq_sonja
Lair:5:   wormcave, layout_layer_cave, slime_entry_2, infiniplex_staircase_pool,
          grunt_megastairs_5
Swamp:1:  layout_basic_swamp, nicolae_swamp_dense_foliage,
          nicolae_swamp_very_dense_foliage, uniq_roxanne
Swamp:2:  layout_basic_swamp, serial_swamp_ruin, hangedman_swamp_ruin_wall,
          evilmike_swamp_ruin_house_5, evilmike_swamp_ruin_house_6
Swamp:3:  layout_basic_swamp, lemuel_altar_in_water, infiniplex_staircase_pool_2
Swamp:4:  swamp, layout_basic_swamp, ebering_ghost_disaster_area, swamp_pool2,
          statue_in_the_mist_lemuel, uniq_louise
Spider:1: layout_spider_delve
Spider:2: layout_spider_delve, uniq_aizul, uniq_kirke
Spider:3: layout_spider_delve
Spider:4: hellmonk_spider_rune_endless_swarm, uniq_mlioglotl
Orc:1:    layout_caves, uniq_fannar
Orc:2:    st_orc_congregation, layout_caves, gammafunk_ghost_wrathful_warriors,
          hangedman_minor_magic
Elf:1:    eino_elf_arrival_the_gate, layout_gridlike, evilmike_minifort,
          hangedman_elf_simple_split, fountainhead, minmay_shop_grove
Elf:2:    elven_hall_of_blades_hangedman_original
          [nicolae_blade_entry_pointy_end], layout_rooms,
          portal_ice_cave_entry_ice_statue_two, serial_shops,
          bzr_entry_customers, enter_trove_1, nicolae_shop_self_help
Elf:3:    grunt_elf_hall_branching, layout_geoelf_diagonals, serial_shops, shop,
          nicolae_elf_archery_training, uniq_donald
Vaults:1: nicolae_vaults_offset_grid_hallway_2,
          nicolae_vaults_security_offices_3, hangedman_vaults_trim,
          nicolae_vaults_network_square, v_rooms_4, v_pattern_2,
          nicolae_vaults_tetromino_Z_2, vaults_dpeg_emergency_exit,
          nicolae_vaults_shelves_hall, nicolae_vaults_turnstiles,
          vaults_room_grunt_arrival_ludios, vaults_dpeg_cross,
          layout_vaults_maze, uniq_saint_roka
Vaults:2: v_alt_pattern_1, nicolae_vaults_spaceships, nicolae_vaults_alarming,
          nicolae_vaults_oozy_zoo, layout_vaults_omnigrid, serial_shops,
          nicolae_shop_pleasant_corner_grove
Vaults:3: portal_desolation_entry_nicolae_nacl,
          nicolae_vaults_storage_room_doors, minmay_crypt_entry_simple_plaza,
          nicolae_vaults_tetromino_Z_1, nicolae_vaults_two_Ls,
          nicolae_vaults_network_quinsquares
          [nicolae_vaults_network_quincunx_subvault,
          nicolae_vaults_network_quincunx_subvault,
          nicolae_vaults_network_quincunx_subvault,
          nicolae_vaults_network_quincunx_subvault],
          nicolae_vaults_bisected_exclaves, nicolae_vaults_little_squares_4,
          hangedman_vaults_river_flow, vaults_room_large_hall,
          nicolae_vaults_shipping_containers_4, v_rooms_6, v_misc_19,
          nicolae_vaults_sesquioval_fish, nicolae_vaults_storage_closets_2,
          layout_vaults_omnibox, serial_glass, serial_shops, shop,
          nicolae_diamond_shop, shop, nicolae_shop_stone
Vaults:4: v_misc_26, hangedman_vaults_corner_blocks,
          ontoclasm_vaults_misaligned, st_greater_box_5,
          nicolae_vaults_wine_cellar, nicolae_vaults_wrenched,
          hangedman_vaults_nodes, vaults_room_boxed, ontoclasm_vaults_idyll,
          layout_vaults_big_cross, serial_shops, nicolae_shop_gaudy_bauble,
          nicolae_shop_getting_attention
Vaults:5: uniq_frederick
Depths:1: layout_cave_shapes, hangedman_decor_points, hell_entry, abyss_entry,
          tso_altar
Depths:2: gammafunk_depths_water_palace, layout_basic, rand_demon_pan_entry_3,
          nicolae_kikubaaqudgha_miasma_corner,
          nicolae_abyss_entry_one_way_or_another, hell_entry,
          infiniplex_staircase_diamond
Depths:3: nooodl_heptagram, layout_cave_shapes, enter_ziggurat_d,
          abyss_entry_crystal, basic_altar, rand_demon_pan_entry_4, hell_entry,
          minmay_misc_feat_roman
Depths:4: evilmike_zot_entry_argh, layout_cave_pools, grunt_decor_clamped,
          pf_coc_iceberg, serial_bayou_lagoon_b
Zot:1:    kennysheep_bubbly, layout_gridlike
Zot:2:    layout_gridlike, grunt_megastairs_2, uniq_parghit
Zot:3:    layout_cellular_growth, grunt_megastairs_1
Zot:4:    layout_misc_corridors, ebering_ghost_inner_flame
Zot:5:    layout_twisted_circle

Skill      XL: |  1  2  3  4  5  6  7  8  9 10 11 12 13 14 15 16 17 18 19 20 21 22 23 24 25 26 27 |
---------------+----------------------------------------------------------------------------------+-----
Polearms       | 5 7 8 10 11 13 14 16 17 18 19 20 22 23 24 25 26 27 | 27.0
Throwing       | 3 4 5 |  5.3
Fighting       | 4 6 8 9 10 11 12 13 14 16 18 20 21 22 23 24 25 | 25.6
Dodging        | 5 6 8 10 12 13 16 18 20 22 | 22.1
Armour         | 3 5 6 8 9 10 11 13 15 16 17 18 | 18.4
Poison Magic   | 4 6 |  6.0
Air Magic      | 3 4 5 |  5.0
Spellcasting   | 2 5 6 7 10 11 | 11.4
Conjurations   | 2 5 6 |  6.5
Translocations | 4 |  4.6
Hexes          | 6 9 10 | 10.6
Transmutations | 3 |  3.3
Evocations     | 2 |  2.5
Ice Magic      | 7 9 10 | 10.0
Shields        | 3 8 |  8.3
Necromancy     | 3 |  3.4
Summonings     | 7 11 | 11.3
Invocations    | 3 4 |  4.0

Action                     |  1- 3 |  4- 6 |  7- 9 | 10-12 | 13-15 | 16-18 | 19-21 | 22-24 | 25-27 || total
---------------------------+-------+-------+-------+-------+-------+-------+-------+-------+-------++-------
  Melee: Trident           |   106 |   158 |   224 |   294 |   977 |    32 |   114 |       |       ||  1905
         Punch             |       |     1 |     3 |     6 |    14 |     1 |     3 |       |       ||    28
         Glaive            |       |       |       |       |   238 |   707 |   881 |  1030 |   979 ||  3835
         Tailslap          |       |       |       |       |     1 |     3 |    30 |     4 |     1 ||    39
  Throw: Dart              |     6 |    11 |    27 |    42 |    34 |     3 |    39 |    24 |    35 ||   221
         Throwing net      |       |     1 |     2 |       |       |       |       |       |       ||     3
         Javelin           |       |     1 |     2 |     3 |       |       |       |       |       ||     6
         Boomerang         |       |       |     3 |       |       |       |     4 |       |       ||     7
   Cast: Poisonous Vapours |       |       |       |    28 |    11 |       |       |       |       ||    39
         Mephitic Cloud    |       |       |       |    27 |    79 |    50 |   103 |   112 |    24 ||   395
         Tukima's Dance    |       |       |       |       |    19 |     8 |     5 |       |       ||    32
         Blink             |       |       |       |       |     5 |     5 |     1 |     4 |    10 ||    25
         Hailstorm         |       |       |       |       |    10 |     1 |     1 |     2 |       ||    14
         Frozen Ramparts   |       |       |       |       |     7 |    14 |     2 |     2 |     1 ||    26
         Ozocubu's Armour  |       |       |       |       |       |     7 |    29 |     6 |     2 ||    44
         Wereblood         |       |       |       |       |       |     1 |       |       |       ||     1
         Freeze            |       |       |       |       |       |     5 |     4 |       |       ||     9
         Metabolic Englaci |       |       |       |       |       |     1 |    11 |       |     1 ||    13
         Airstrike         |       |       |       |       |       |       |     1 |       |       ||     1
         Anguish           |       |       |       |       |       |       |     1 |       |       ||     1
         Summon Lightning  |       |       |       |       |       |       |       |    36 |     6 ||    42
         Call Canine Famil |       |       |       |       |       |       |       |     6 |       ||     6
 Invoke: Ancestor Life: He |       |       |       |     1 |       |       |       |       |       ||     1
         Recall Ancestor   |       |       |       |     1 |     2 |     5 |    11 |     5 |    17 ||    41
         Transference      |       |       |       |       |     1 |       |       |       |       ||     1
         Idealise          |       |       |       |       |       |       |       |       |     2 ||     2
  Evoke: Wand              |       |       |       |       |     6 |     6 |     7 |     1 |     4 ||    24
         Condenser vane    |       |       |       |       |       |     1 |       |       |       ||     1
    Use: Scroll            |     3 |       |    10 |    14 |    11 |    10 |    13 |    19 |    21 ||   101
         Potion            |     1 |       |       |     2 |     2 |     8 |     7 |     5 |    13 ||    38
   Stab: Sleeping          |     2 |     2 |     1 |     1 |     2 |    10 |     5 |     8 |     6 ||    37
         Held in net/web   |       |     1 |       |       |       |       |       |       |       ||     1
         Distracted        |       |       |     2 |     4 |    17 |    11 |    25 |    25 |    34 ||   118
         Confused          |       |       |       |    18 |    79 |    32 |    66 |    94 |    43 ||   332
         Invisible         |       |       |       |       |     3 |     3 |       |     3 |     1 ||    10
         Paralysed         |       |       |       |       |    36 |    53 |    63 |    75 |    46 ||   273
 Armour: Leather armour    |    30 |    42 |    51 |       |       |       |       |       |       ||   123
         Steam dragon scal |       |       |       |    21 |       |       |       |       |       ||    21
         Troll leather arm |       |       |       |    15 |   154 |   235 |   181 |   150 |   152 ||   887
  Dodge: Dodged            |    78 |   109 |   124 |    99 |   601 |  1074 |   713 |   726 |   957 ||  4481
  Block: Other             |       |       |    22 |    26 |   137 |   224 |   145 |   149 |    18 ||   721
         Reflection        |       |       |     5 |     5 |     7 |     1 |     7 |    15 |       ||    40
         Kite shield       |       |       |       |       |    30 |       |       |       |       ||    30
         Buckler           |       |       |       |       |       |       |    21 |       |       ||    21
